 Dungeon Crawl Stone Soup version 0.30-a0-996-ga6910c8ee8 (webtiles) character file.

Game seed: 16516785636176605908

3976 vishdafish the Destroyer (level 10, 54/63 HPs)
             Began as a Demonspawn Conjurer on Apr 4, 2023.
             Was a Believer of Vehumet.
             Quit the game on level 8 of the Dungeon.
             The game lasted 00:10:48 (7798 turns).

vishdafish the Destroyer (Demonspawn Conjurer)      Turns: 7798, Time: 00:10:49

Health: 54/63      AC:  5    Str:  8    XL:     10   Next: 2%
Magic:  3/21       EV: 12    Int: 30    God:    Vehumet [**....]
Gold:   187        SH:  0    Dex: 17    Spells: 14/23 levels left

rFire   . . .      SeeInvis .    p - +1 short sword (protect)
rCold   . . .      Faith    .    (no shield)
rNeg    . . .      Spirit   .    a - +0 robe
rPois   .          Reflect  .    (no helmet)
rElec   .          Rampage  .    (no cloak)
rCorr   .                        (no gloves)
Will    .....                    (no boots)
Stlth   ++                       c - amulet of regeneration
HPRegen 1.10/turn                q - +6 ring of dexterity
MPRegen 0.34/turn                t - +6 ring of intelligence

@: no status effects
A: hooves 2, slimy green scales 2, ignite blood 1, magic regeneration
a: Renounce Religion


You were on level 8 of the Dungeon.
You worshipped Vehumet.
Vehumet was pleased with you.
You visited 2 branches of the dungeon, and saw 9 of its levels.

You collected 341 gold pieces.
You spent 154 gold pieces at shops.

Inventory:

Hand Weapons
 p - a +1 short sword of protection (weapon)
Armour
 a - a +0 robe (worn)
 e - a +0 cloak
 G - the +0 cloak of Minor Irritation {-Cast Harm Str+4}
   (You found it on level 7 of the Dungeon)

   Str:       It affects your strength (+4).
   -Cast:     It prevents spellcasting.
   Harm:      It increases damage dealt and taken.
Jewellery
 c - an amulet of regeneration (around neck)
 o - a +6 ring of strength
 q - a +6 ring of dexterity (left hand)
 t - a +6 ring of intelligence (right hand)
 v - a ring of ice
 D - a ring of willpower
Wands
 k - a wand of flame (16)
 z - a wand of roots (8)
 I - a wand of charming (11)
Scrolls
 f - 2 scrolls of fog
 g - 3 scrolls of magic mapping {unknown}
 h - 5 scrolls of identify {unknown}
 i - a scroll of immolation {unknown}
 j - a scroll of enchant armour {unknown}
 s - a scroll of torment {unknown}
 w - 2 scrolls of enchant weapon {unknown}
 x - a scroll of fear
 y - a scroll of teleportation
 B - 2 scrolls of poison {unknown}
 E - a scroll of brand weapon {unknown}
 F - a scroll of blinking {unknown}
Potions
 b - a potion of magic
 d - 7 potions of curing {unknown}
 l - 2 potions of attraction {unknown}
 m - a potion of might {unknown}
 n - 4 potions of degeneration {unknown}
 r - 2 potions of haste {unknown}
 u - a potion of resistance {unknown}
 A - a potion of flight {unknown}
 C - a potion of ambrosia {unknown}
 H - 2 potions of cancellation {unknown}


   Skills:
 - Level 1.7 Dodging
 - Level 1.7 Stealth
 + Level 7.4 Spellcasting
 + Level 8.8 Conjurations
 - Level 5.2 Hexes
 - Level 7.0 Translocations


You had 14 spell levels left.
You knew the following spells:

 Your Spells              Type           Power      Damage    Failure   Level
a - Magic Dart            Conj           100%       1d8       1%          1
b - Fulminant Prism       Conj/Hex       26%        3d14      2%          4
c - Iskenderun's Mystic   Conj/Tloc      56%        2d12      1%          4

Your spell library contained the following spells:

 Spells                   Type           Power      Damage    Failure   Level
 Sandblast                Erth           22%        2d7       4%          1
 Searing Ray              Conj           100%       2d8       1%          2
 Dazzling Flash           Conj/Hex       100%       N/A       1%          3
 Mephitic Cloud           Conj/Pois/Air  28%        N/A       4%          3
 Call Imp                 Summ           11%        N/A       7%          2
 Cigotuvi's Dreadful Rot  Necr/Pois/Air  22%        N/A       7%          2
 Freezing Cloud           Conj/Ice/Air   14%        6-21      36%         5
 Dispel Undead            Necr           11%        3d9       41%         4
 Death Channel            Necr           5%         N/A       100%        6
 Simulacrum               Ice/Necr       5%         N/A       100%        6
 Polar Vortex             Ice            5%         N/A       100%        9


Dungeon Overview and Level Annotations

Branches:
Dungeon (8/15)             Temple (1/1) D:4
   Lair: D:8-11

Altars:
Cheibriados
Fedhas
Gozag
Hepliaklqana
Nemelex Xobeh
Ru
Sif Muna
Uskayaw
Vehumet

Shops:
D:5 ?   D:6 *


Innate Abilities, Weirdness & Mutations

You have hoof-like feet.
You are mostly covered in slimy green scales. (AC +3)
Your demonic aura sometimes causes spilled blood to erupt in flames.
You regenerate magic rapidly.


Message History

You kill the yak!
Vehumet accepts your kill.
Unknown command.
Aiming: Fastroot
Press: ? - help, Shift-Dir - straight line, f - yak
Aim: a yak (heavily wounded)
The roots erupt in riotous growth!
Roots grab the yak. x2
The grasping roots constrict the yak. x2
You hear a shout!
The yak gores you!
The yak struggles to escape constriction.
The grasping roots constrict the yak. x2
The roots release their grip on the yak. x2
Casting: Iskenderun's Mystic Blast (dangerous; 1% risk of failure)
Confirm with . or Enter, or press ? or * to list all spells.
You don't have enough magic to cast this spell.
Aiming: Fastroot
Press: ? - help, Shift-Dir - straight line, f/p - yak
Aim: a yak (severely wounded)
The roots erupt in riotous growth!
Roots grab the yak. x2
The grasping roots constrict the yak. x2; The yak misses you.
The yak struggles to escape constriction.
The grasping roots constrict the yak. x2; The yak escapes!
The yak struggles to escape constriction.
Aiming: Throw Flame
Press: ? - help, Shift-Dir - straight line, f/p - yak
Aim: a yak (almost dead, constricted by roots, 100% to hit)
The puff of flame misses the yak.
The puff of flame hits the yak but does no damage.
The yak is almost dead.
The grasping roots constrict the yak!
You kill the yak!
Vehumet accepts your kill.
You feel your power returning. The yak closely misses you.
You have reached level 10!
Your demonic ancestry asserts itself...
Your blood heats up.
Are you sure you want to abandon this character and quit the game? (Confirm with "yes".)

#.... #.†....###^##### #...#
#####............# #...#
#...#.##########.#
#...########.#.#.# #.#
#........#...#...# ########.##
####...####.#.#####.# #.....#...#
.......Y....#†..#...###.....#....
.....Y.......†..#.##........#...#
...Y...)†<..###Y@.##.##.....#####
####..Y####.# #..###........# #
#....... # #..# #..###.### #
#...#### #..###[.###.# # #...#
#.........#.# #...#
#.#.##..#.#.#### ##.##
#..>...........#### ...
###.##............. #
#.#..#..#.####


You could see a yak.

Vanquished Creatures
  The ghost of emiel the Slasher, a novice DsFi of Okawaru (D:6)
  An unseen horror zombie (D:6)
  An unseen horror skeleton (D:6)
  Sigmund (D:5)
  Eustachio (D:5)
  4 yaks (D:8)
  A steam dragon (D:7)
  2 water moccasins
  A sky beast (D:7)
  A black bear (D:6)
  2 orc warriors
  4 ice beasts
  4 centaurs
  A kobold brigand (D:4)
  2 scorpions
  3 killer bees (D:8)
  A centaur zombie (D:6)
  3 hounds
  2 jellies
  A gnoll bouda (D:6)
  A sleepcap (D:7)
  4 iguanas
  7 gnolls
  11 adders
  A shadow imp (D:7)
  A white imp (D:7)
  An ufetubus (D:6)
  2 worms
  2 dart slugs
  16 orcs
  2 ball pythons
  11 endoplasms
  4 goblins
  5 hobgoblins
  8 jackals
  6 quokkas
  8 bats
  5 frilled lizards
  4 kobolds
  6 rats
142 creatures vanquished.

Vanquished Creatures (others)
  4 fulminant prisms (D:6)
  3 plants (D:8)
7 creatures vanquished.

Grand Total: 149 creatures vanquished

Notes
Turn   | Place    | Note
-------+----------+-------------------------------------------
     0 | D:1      | vishdafish the Demonspawn Conjurer began the quest for the
                  | Orb.
     0 | D:1      | Reached XP level 1. HP: 13/13 MP: 3/3
   237 | D:1      | Gained mutation: You are partially covered in slimy green
                  | scales. (AC +2) [demonic ancestry]
   237 | D:1      | Reached XP level 2. HP: 13/19 MP: 0/5
   964 | D:1      | Found a faded altar of an unknown god.
  1214 | D:2      | Reached XP level 3. HP: 24/24 MP: 0/7
  1690 | D:2      | Reached XP level 4. HP: 30/30 MP: 6/8
  2222 | D:3      | Reached skill level 5 in Conjurations
  2329 | D:3      | Learned a level 4 spell: Fulminant Prism
  2334 | D:3      | Learned a level 4 spell: Iskenderun's Mystic Blast
  2595 | D:3      | Reached skill level 1 in Hexes
  2844 | D:3      | Reached skill level 1 in Translocations
  2893 | D:3      | Gained mutation: You have large cloven feet. [demonic
                  | ancestry]
  2893 | D:3      | Reached XP level 5. HP: 35/35 MP: 7/10
  3687 | D:4      | Found a staircase to the Ecumenical Temple.
  3703 | Temple   | Entered the Ecumenical Temple
  3746 | Temple   | Became a worshipper of Vehumet
  3951 | D:4      | Gained mutation: You regenerate magic rapidly. [demonic
                  | ancestry]
  3951 | D:4      | Reached XP level 6. HP: 41/41 MP: 6/11
  4441 | D:5      | Entered Level 5 of the Dungeon
  4521 | D:5      | Noticed Sigmund
  4534 | D:5      | Killed Sigmund
  4535 | D:5      | Gained mutation: You are mostly covered in slimy green
                  | scales. (AC +3) [demonic ancestry]
  4535 | D:5      | Reached XP level 7. HP: 46/46 MP: 5/12
  4787 | D:5      | Found Upniboadwu's Magic Scroll Emporium.
  4790 | D:5      | Bought a scroll of fear for 56 gold pieces
  4790 | D:5      | Bought a scroll of teleportation for 42 gold pieces
  4790 | D:5      | Bought a scroll of fog for 56 gold pieces
  4892 | D:5      | Noticed Eustachio
  4914 | D:5      | Killed Eustachio
  4915 | D:5      | Reached skill level 5 in Hexes
  4962 | D:5      | Found a snail-covered altar of Cheibriados.
  5041 | D:5      | Reached skill level 5 in Translocations
  5041 | D:5      | Gained mutation: You have hoof-like feet. [demonic
                  | ancestry]
  5041 | D:5      | Reached XP level 8. HP: 52/52 MP: 0/13
  5490 | D:6      | Reached * piety under Vehumet
  5490 | D:6      | Offered knowledge of Freeze by Vehumet.
  5696 | D:6      | Found a runed translucent gate.
  5696 | D:6      | Found a runed translucent gate.
  5696 | D:6      | Found a runed translucent gate.
  5974 | D:6      | Found Vobasu's Neck Hole.
  6242 | D:6      | Noticed emiel's ghost (novice DsFi)
  6252 | D:6      | Reached skill level 6 in Conjurations
  6369 | D:6      | Killed emiel's ghost
  6370 | D:6      | Reached skill level 5 in Spellcasting
  6370 | D:6      | Reached XP level 9. HP: 57/57 MP: 3/16
  6377 | D:6      | Reached skill level 7 in Conjurations
  7209 | D:7      | Identified the +0 cloak of Minor Irritation {-Cast Harm
                  | Str+4}
  7360 | D:7      | Reached skill level 8 in Conjurations
  7610 | D:8      | Reached ** piety under Vehumet
  7610 | D:8      | Offered knowledge of Sandblast by Vehumet.
  7798 | D:8      | Gained mutation: Your demonic aura sometimes causes spilled
                  | blood to erupt in flames. [demonic ancestry]
  7798 | D:8      | Reached XP level 10. HP: 54/63 MP: 3/21
  7798 | D:8      | Quit the game

Illustrated notes

Levels and vault maps discovered:
D:1:      elethiomel_arrival_infinity_welcomes_careful_drivers, layout_rooms,
          hellmonk_ecumenical_altar_leap_of_faith, dreamdust_princess_corridor
D:2:      layout_basic
D:3:      layout_basic
D:4:      minmay_clustersquares, layout_basic, minmay_temple_entry_poolview
D:5:      layout_gridville, old_standard_altar, serial_shops,
          kennysheep_mini_moat, uniq_sigmund, uniq_eustachio
D:6:      layout_loops_ring, serial_glass, glass_columns_c, glass_columns_b,
          glass_columns_b, glass_columns_a, glass_columns_a, glass_columns_a,
          feat_on_display, item_on_display_a, due_unseen_surprise,
          item_on_display_b, gammafunk_ghost_necromancy,
          nicolae_shop_sticking_my_neck_out
D:7:      layout_gridville, dreamdust_mushroom_princess,
          corexii_leaking_fountain
D:8:      wad_statue_garden, layout_loops_cross
Temple:   nicolae_temple_elliptical

Skill      XL: |  1  2  3  4  5  6  7  8  9 |
---------------+----------------------------+-----
Spellcasting   | 3 5 7 |  7.4
Conjurations   | 5 6 8 |  8.8
Hexes          | 1 2 4 5 |  5.2
Translocations | 1 2 3 5 7 |  7.0
Dodging        | |  1.7
Stealth        | |  1.7

Action                     |  1- 3 |  4- 6 |  7- 9 | 10-12 || total
---------------------------+-------+-------+-------+-------++-------
  Melee: Unarmed           |    41 |     4 |       |       ||    45
         Punch             |     1 |       |       |       ||     1
         Kick              |       |     2 |    16 |       ||    18
         Short sword       |       |       |    49 |       ||    49
   Cast: Magic Dart        |    74 |   150 |   200 |       ||   424
         Iskenderun's Myst |       |     1 |    44 |       ||    45
         Fulminant Prism   |       |       |     4 |       ||     4
  Evoke: Wand              |       |       |     5 |       ||     5
 Armour: Robe              |    36 |     8 |    36 |       ||    80
  Dodge: Dodged            |    64 |    30 |    76 |       ||   170

Table legend: (Time is in decaauts)
 A = Elapsed time spent in this place.
 B = Non-inter-level travel time spent in this place.
 C = Inter-level travel time spent in this place.
 D = Time resting spent in this place.
 E = Time spent auto-exploring this place.
 F = Levels seen in this place.
 G = Mean time per level.
                   A        B        C        D        E       F      G
               +--------+--------+--------+--------+--------+-----+--------+
         Total |   7796 |   7445 |    351 |    111 |   6347 |   9 |  866.2 |
       Dungeon |   7724 |   7401 |    323 |    111 |   6321 |   8 |  965.5 |
        Temple |     71 |     43 |     28 |      0 |     26 |   1 |   71.0 |
               +--------+--------+--------+--------+--------+-----+--------+

Top non-repeatable levels by time:
     D:1: 1189 daAuts
     D:3: 1150 daAuts
     D:7: 1147 daAuts
     D:4: 1108 daAuts
     D:5: 1104 daAuts
     D:6: 922 daAuts
     D:2: 918 daAuts
     D:8: 184 daAuts
  Temple: 71 daAuts
